 Dungeon Sprint DCSS version 0.29-a0-323-g050149af67 (webtiles) character file.

Game seed: 5647072577271117081

28064 mhtbhm the Merfolkian Porcupine (level 13, -3/129 HPs)
             Began as a Merfolk Berserker on Apr 10, 2022.
             Was the Champion of Trog.
             Slain by a vampire knight
             ... wielding a +1 glaive of venom
              (4 damage)
             ... while paralysed by a vampire knight
             ... in the Dungeon (Sprint III: "The Ten Rune Challenge").
             The game lasted 00:08:46 (5453 turns).

mhtbhm the Merfolkian Porcupine (Merfolk Berserker) Turns: 5453, Time: 00:08:46

Health: -3/129     AC: 19    Str: 22    XL:     13   Next: 36%
Magic:  13/13      EV:  2    Int:  8    God:    Trog [******]
Gold:   1056       SH:  0    Dex: 14    Spells: 12/12 levels left

rFire   . . .      SeeInvis .   a - +4 bardiche (flame)
rCold   . . .      Faith    .   (shield currently unavailable)
rNeg    . . .      Spirit   .   b - +4 chain mail {Will+}
rPois   .          Reflect  .   q - +2 hat {Stlth+}
rElec   .          Harm     .   u - scarf {+Inv}
rCorr   .          Rampage  .   s - +1 pair of gloves
Will    +....      NoTele   +   (no boots)
Stlth   ++++......              (no amulet)
HPRegen 0.31/turn               (no ring)
MPRegen 0.13/turn               (no ring)

@: paralysed
A: (nimble swimmer 2), mertail, clever 1, sense surroundings 1
a: Renounce Religion, Evoke Invisibility, Berserk, Trog's Hand, Brothers in Arms


You were in the Dungeon.
You worshipped Trog.
Trog was exalted by your worship.
You visited 1 branch You collected 1563 gold pieces.
You spent 507 gold pieces at shops.

Inventory:

Hand Weapons
 a - a +4 bardiche of flaming (weapon)
Missiles
 p - 4 javelins (quivered)
 r - 7 curare-tipped darts
Armour
 b - a +4 chain mail of willpower (worn)
 q - a +2 hat of stealth (worn)
 s - a +1 pair of gloves (worn)
 u - a scarf of invisibility (worn)
Wands
 j - a wand of iceblast (11)
Scrolls
 h - a scroll of blinking
 i - 3 scrolls of immolation
 t - 2 scrolls of holy word
 v - a scroll of identify
Potions
 c - 3 potions of curing
 d - 3 potions of heal wounds
 e - a potion of haste
 f - 3 potions of magic
 g - a potion of berserk rage
 k - 2 potions of flight
 l - a potion of cancellation
 m - a potion of mutation
 n - 4 potions of might
Miscellaneous
 o - a piece from Xom's chessboard (15/15)


   Skills:
 + Level 20.8 Fighting
 O Level 27 Polearms
 + Level 9.3 Armour
 + Level 14.0 Dodging
 + Level 15.3 Stealth


You had 12 spell levels left.
You didn't know any spells.
Your spell library was empty.

Dungeon Overview and Level Annotations

Branches:
Dungeon (1/1)

Altars:
Cheibriados
Dithmenos
Elyvilon
Fedhas
Gozag
Hepliaklqana
Kikubaaqudgha
Makhleb
Nemelex Xobeh
Okawaru
Qazlal
Ru
Sif Muna
Trog
Uskayaw
Vehumet
Wu Jian
Xom
Yredelemnul
Zin
The Shining One
Beogh
Jiyva
Lugonu

Shops:
D [[?![!(:**(=


Innate Abilities, Weirdness & Mutations

((You are very nimble when in or above water. (Stealth+, EV+, Speed+++)))
Your lower body shifts to a powerful aquatic tail in water.
Your mind is acute. (Int +2)
You passively map a small area around you.


Message History

The vampire knight mumbles some strange words.
The vampire knight flickers and vanishes!
Deactivating autopickup; reactivate with Ctrl-A.
No target in view!
No target in view!
No target in view!
No target in view!
No target in view!
No target in view!
No target in view!
No target in view!
No target in view!
No target in view!
You feel very sick. Something draws life force from you!! Something hits you!
You are more poisoned.
Something bites you but does no damage.
There is an open door, spattered with blood here.
You slash something! You burn something.
You feel very sick. Something draws life force from you!
You hit something. You burn something.
You feel very sick. Something hits you!
* * * LOW HITPOINT WARNING * * *
You are lethally poisoned!
Something bites you.
* * * LOW HITPOINT WARNING * * *
Something draws strength from your injuries!
You feel better. Something hits you!!
* * * LOW HITPOINT WARNING * * *
You are poisoned.
Something bites you but does no damage.
Unknown command.
You feel better.
You hear some strange, mumbled words.
You suddenly lose the ability to move!
Something draws life force from you!
* * * LOW HITPOINT WARNING * * *
Something hits you.
You die...

..###.#.∩⌠⌠∩.#.#)#.#.'..#......#
###.§.#.∩∩∩∩.#....)#)#..#......#
#§.§§§#.∩∩.∩.#.....#.#..#......#
......#......#.#)#.'.#..#......#
......###''###..#..#.#..#......#
......#.⌠..⌠.#)....###########'#
#####.#......#################.#
#.#.#........#,#{#)#.#.#)#.#)#.#
.............#+#@#'#)#'#'#)#'#'#
.............#..........)...^^.#
##############....)..^.^.......#
,**,*≈≈≈≈≈≈**#+#+#'#)#)#'#'#'#'#
,,**+*,≈≈,≈*,*,*,#.#.#(#.#)#.#°#
,,,***,,,,≈*,*+**▓▓▓▓▓▓▓▓▓▓▓▓▓▓▓
,,,+,,,,,,,,,*,,*,,,,,,,,,,,,,,*
,,,*****,,≈*,*,,*,,,,,,,,,,,,,,*
,,**^^,**,≈*,*,,*,,**********,,*


There were no monsters in sight!

Vanquished Creatures
  A bone dragon (D)
  Gastronok (D)
  Harold (D)
  2 vampire knights (D)
  2 dire elephants (D)
  A fire dragon (D)
  A yaktaur captain (D)
  Erica (D)
  2 centaur warriors (D)
  4 dancing weapons (D)
  3 orc high priests (D)
  Urug (D)
  5 skeletal warriors (D)
  An orange crystal statue (D)
  Joseph (D)
  A deep elf pyromancer (D)
  An ugly thing (D)
  A lindwurm (D)
  4 crystal guardians (D)
  2 elephants (D)
  2 cane toads (D)
  2 unseen horrors (D)
  A rime drake (D)
  A komodo dragon (D)
  2 guardian mummies (D)
  3 wandering mushrooms (D)
  4 spriggan defenders (D)
  2 tyrant leeches (D)
  5 blink frogs (D)
  2 slime creatures (D)
  A shadow (D)
  3 redbacks (D)
  A spatial vortex (D)
  3 orc warriors (D)
  A swamp drake (D)
  2 centaurs (D)
  An earth elemental (D)
  A necrophage (D)
  A water elemental (D)
  A scorpion (D)
  6 orc priests (D)
  A jelly (D)
  Jessica (D)
  A wizard (D)
  2 necromancers (D)
  An orc wizard (D)
  A kobold demonologist (D)
  3 humans (D)
  9 orcs (D)
  A bat zombie (D)
  A ball python simulacrum (D)
  3 rats (D)
  A plant (D)
106 creatures vanquished.

Vanquished Creatures (others)
  A bush (D)
  11 plants (D)
12 creatures vanquished.

Grand Total: 118 creatures vanquished

Notes
Turn   | Place    | Note
-------+----------+-------------------------------------------
     0 | D        | mhtbhm the Merfolk Berserker began the quest for the Orb.
     0 | D        | Reached XP level 1. HP: 18/18 MP: 1/1
    54 | D        | Reached ** piety under Trog
    55 | D        | Noticed Jessica
    63 | D        | Killed Jessica
    64 | D        | Reached skill level 5 in Fighting
    64 | D        | Reached skill level 6 in Polearms
    64 | D        | Reached XP level 2. HP: 16/27 MP: 2/2
    64 | D        | Reached XP level 3. HP: 20/33 MP: 3/3
   248 | D        | Noticed a scorpion
   256 | D        | Killed a scorpion
   257 | D        | Reached skill level 8 in Polearms
   257 | D        | Reached skill level 1 in Stealth
   257 | D        | Reached XP level 4. HP: 39/40 MP: 4/4
   265 | D        | Reached skill level 5 in Dodging
   287 | D        | Gained mutation: You tend to lose your temper in combat.
                  | [potion of mutation]
   287 | D        | Gained mutation: You expend magic power (3 MP) to
                  | strengthen your wands. [potion of mutation]
   287 | D        | Gained mutation: Your spells are a little easier to cast,
                  | but a little less powerful. [potion of mutation]
   287 | D        | Gained mutation: You are robust. (+10% HP) [potion of
                  | mutation]
   423 | D        | Lost mutation: Your spells are a little easier to cast, but
                  | a little less powerful. [potion of mutation]
   423 | D        | Lost mutation: You expend magic power (3 MP) to strengthen
                  | your wands. [potion of mutation]
   423 | D        | Lost mutation: You are robust. (+10% HP) [potion of
                  | mutation]
   423 | D        | Gained mutation: Your mind is acute. (Int +2) [potion of
                  | mutation]
   423 | D        | Gained mutation: Potions are less effective at restoring
                  | your health. [potion of mutation]
   424 | D        | Lost mutation: You tend to lose your temper in combat.
                  | [potion of mutation]
   424 | D        | Lost mutation: Potions are less effective at restoring your
                  | health. [potion of mutation]
   424 | D        | Gained mutation: You passively map a small area around you.
                  | [potion of mutation]
   427 | D        | Noticed a water elemental
   442 | D        | Killed a water elemental
   442 | D        | Reached *** piety under Trog
   443 | D        | Reached skill level 9 in Polearms
   443 | D        | Reached XP level 5. HP: 4/48 MP: 5/5
   714 | D        | Found a glowing silver altar of Zin.
   714 | D        | Found a glowing golden altar of the Shining One.
   714 | D        | Found a white marble altar of Elyvilon.
   715 | D        | Noticed a deep elf pyromancer
   723 | D        | Noticed a fire elemental
   724 | D        | Killed a deep elf pyromancer
   725 | D        | Reached skill level 10 in Fighting
   725 | D        | Reached skill level 12 in Polearms
   725 | D        | Reached XP level 6. HP: 61/61 MP: 6/6
   725 | D        | Reached XP level 7. HP: 67/67 MP: 7/7
   797 | D        | Found a basalt altar of Yredelemnul.
   797 | D        | Found a shadowy altar of Dithmenos.
   797 | D        | Found a sacrificial altar of Ru.
   805 | D        | Reached skill level 13 in Polearms
   809 | D        | Reached **** piety under Trog
   833 | D        | Found a hide-covered altar of Uskayaw.
   833 | D        | Found an iron altar of Okawaru.
   833 | D        | Found a bloodstained altar of Trog.
   833 | D        | Found an ornate altar of the Wu Jian Council.
   833 | D        | Noticed a human
   834 | D        | Noticed a human
   853 | D        | Killed a human
   863 | D        | Killed a human
   864 | D        | Reached skill level 14 in Polearms
   864 | D        | Reached XP level 8. HP: 29/76 MP: 8/8
  1118 | D        | Found a radiant altar of Vehumet.
  1118 | D        | Found a shimmering blue altar of Sif Muna.
  1118 | D        | Found an ancient bone altar of Kikubaaqudgha.
  1121 | D        | Reached skill level 5 in Stealth
  1252 | D        | Noticed a shadow
  1264 | D        | Killed a shadow
  1268 | D        | Reached ***** piety under Trog
  1554 | D        | Found a blossoming altar of Fedhas.
  1554 | D        | Found a stormy altar of Qazlal.
  1554 | D        | Found a snail-covered altar of Cheibriados.
  1554 | D        | Found a burning altar of Makhleb.
  1554 | D        | Found a shimmering altar of Xom.
  1555 | D        | Found a hazy altar of Hepliaklqana.
  1555 | D        | Found an opulent altar of Gozag.
  1555 | D        | Found a sparkling altar of Nemelex Xobeh.
  1555 | D        | Found a corrupted altar of Lugonu.
  1555 | D        | Found a viscous altar of Jiyva.
  1739 | D        | Noticed Erica
  1751 | D        | Killed Erica
  1752 | D        | Reached skill level 15 in Polearms
  1752 | D        | Reached skill level 10 in Dodging
  1752 | D        | Reached XP level 9. HP: 85/85 MP: 9/9
  1933 | D        | Received a gift from Trog
  1934 | D        | Reached skill level 16 in Polearms
  2064 | D        | Noticed a centaur warrior
  2073 | D        | Killed a centaur warrior
  2074 | D        | Reached skill level 17 in Polearms
  2221 | D        | Killed an unseen horror
  2223 | D        | Killed an unseen horror
  2370 | D        | Noticed a wandering mushroom
  2374 | D        | Noticed a wandering mushroom
  2376 | D        | Killed a wandering mushroom
  2377 | D        | Reached XP level 10. HP: 95/95 MP: 10/10
  2384 | D        | Reached skill level 18 in Polearms
  2396 | D        | Noticed a cane toad
  2396 | D        | Noticed a cane toad
  2397 | D        | Killed a cane toad
  2398 | D        | Reached skill level 15 in Fighting
  2409 | D        | Killed a cane toad
  2516 | D        | Reached ****** piety under Trog
  2517 | D        | Reached skill level 19 in Polearms
  2541 | D        | Reached skill level 5 in Armour
  2838 | D        | Received a gift from Trog
  2842 | D        | Reached skill level 10 in Stealth
  2859 | D        | Noticed a lindwurm
  2866 | D        | Killed a lindwurm
  3011 | D        | Noticed Urug
  3018 | D        | Killed Urug
  3019 | D        | Reached skill level 20 in Polearms
  3019 | D        | Reached XP level 11. HP: 93/104 MP: 11/11
  3114 | D        | Received a gift from Trog
  3306 | D        | Noticed a dire elephant
  3306 | D        | Noticed a dire elephant
  3306 | D        | Noticed Gastronok
  3311 | D        | Reached skill level 21 in Polearms
  3317 | D        | Killed a dire elephant
  3322 | D        | Killed a dire elephant
  3337 | D        | Killed Gastronok
  3338 | D        | Reached skill level 22 in Polearms
  3386 | D        | Noticed an azure jelly
  3386 | D        | Noticed an azure jelly
  3386 | D        | Noticed an azure jelly
  3442 | D        | Noticed Harold
  3442 | D        | Noticed Joseph
  3447 | D        | Killed Harold
  3447 | D        | Received a gift from Trog
  3455 | D        | Killed Joseph
  3579 | D        | Found Yhutesix's Antique Armour Shop.
  3579 | D        | Noticed an orc high priest
  3595 | D        | Received a gift from Trog
  3614 | D        | Received a gift from Trog
  3617 | D        | Killed an orc high priest
  3618 | D        | Reached skill level 23 in Polearms
  3618 | D        | Reached XP level 12. HP: 116/116 MP: 12/12
  3676 | D        | Bought a pair of embroidered gloves for 225 gold pieces
  3754 | D        | Noticed a soul eater
  3759 | D        | Noticed a soul eater
  3771 | D        | Received a gift from Trog
  4053 | D        | Found Ycvo's Antique Weapon Emporium.
  4053 | D        | Found Gynaopali's Jewellery Shoppe.
  4053 | D        | Found Winn's Distillery.
  4053 | D        | Found Lyesch Kaol's Book Emporium.
  4053 | D        | Found Zohyaff's Weapon Shop.
  4053 | D        | Found Eraopsij's Assorted Antiques.
  4053 | D        | Found Piwuc's General Store.
  4070 | D        | Reached skill level 24 in Polearms
  4168 | D        | Found Reotasy's Antique Armour Boutique.
  4168 | D        | Found Puoketh's Distillery.
  4168 | D        | Found Fabobbef's Magic Scroll Shop.
  4168 | D        | Found Denurgh Alli's Antique Armour Emporium.
  4223 | D        | Bought a potion of heal wounds for 60 gold pieces
  4231 | D        | Bought a scroll of holy word for 90 gold pieces
  4231 | D        | Bought a scroll of holy word for 90 gold pieces
  4231 | D        | Bought a scroll of magic mapping for 42 gold pieces
  4270 | D        | Received a gift from Trog
  4354 | D        | Identified the +4 chain mail of the Cockatrice {rCorr}
  4381 | D        | Noticed a centaur warrior
  4385 | D        | Killed a centaur warrior
  4516 | D        | Noticed a fire dragon
  4520 | D        | Killed a fire dragon
  4551 | D        | Found the +13 scythe of Curses {drain, Drain}
  4551 | D        | Noticed a +0 short sword of speed
  4561 | D        | Reached skill level 25 in Polearms
  4619 | D        | Killed a +0 short sword of speed
  4654 | D        | Noticed a yaktaur captain
  4689 | D        | Killed a yaktaur captain
  4694 | D        | Received a gift from Trog
  4695 | D        | Reached skill level 26 in Polearms
  4782 | D        | Noticed a vampire knight
  4783 | D        | Killed a vampire knight
  4799 | D        | Reached XP level 13. HP: 86/127 MP: 13/13
  4944 | D        | Received a gift from Trog
  4951 | D        | Noticed a bone dragon
  4967 | D        | Killed a bone dragon
  5190 | D        | Reached skill level 15 in Stealth
  5193 | D        | Received a gift from Trog
  5195 | D        | Noticed a vampire knight
  5198 | D        | Killed a vampire knight
  5199 | D        | Reached skill level 27 in Polearms
  5444 | D        | Noticed a vampire knight
  5452 | D        | Paralysed by something for 2 turns
  5452 | D        | HP: 1/129 [something (15)]
  5453 | D        | Slain by a vampire knight

Illustrated notes

Levels and vault maps discovered:
D:        dungeon_sprint_mu [sprint_mu_entry_cave, sprint_mu_temple_rooms,
          sprint_mu_d1_horrors, sprint_mu_d2_genie, sprint_mu_d3_branching,
          sprint_mu_orc_legion, sprint_mu_elf_gauntlet, sprint_mu_hive_nellie,
          sprint_mu_lair_fedhas, sprint_mu_vaults_butterflies,
          sprint_mu_slime_circle, sprint_mu_swamp_cave, sprint_mu_shoals_kraken,
          sprint_mu_blade_basic, sprint_mu_crypt_chambers,
          sprint_mu_tomb_spiral, sprint_mu_vestibule_basic,
          sprint_mu_gehenna_hellfire, sprint_mu_dis_giant,
          sprint_mu_tartarus_statrot, sprint_mu_cocytus_islands, sprint_mu_zot1]

Skill      XL: |  1  2  3  4  5  6  7  8  9 10 11 12 13 |
---------------+----------------------------------------+-----
Dodging        | 3 4 5 8 10 11 12 13 14 | 14.0
Fighting       | 5 6 7 10 11 13 14 16 18 20 | 20.8
Polearms       | 6 8 9 12 14 15 17 20 23 26 27 | 27.0
Armour         | 2 3 4 5 7 8 9 |  9.3
Stealth        | 1 2 4 6 8 10 12 13 15 | 15.3

Action                   |  1- 3 |  4- 6 |  7- 9 | 10-12 | 13-15 || total
-------------------------+-------+-------+-------+-------+-------++-------
Melee: Spear             |    26 |    29 |   118 |       |       ||   173
       Punch             |     1 |     1 |       |       |       ||     2
       Glaive            |       |       |    20 |   128 |       ||   148
       Tailslap          |       |       |     9 |     9 |       ||    18
       Bardiche          |       |       |       |   119 |    46 ||   165
Invok: Berserk           |     2 |     1 |     4 |     7 |     2 ||    16
  Use: Potion            |       |     3 |       |       |     2 ||     5
       Scroll            |       |       |       |     4 |       ||     4
 Stab: Sleeping          |     1 |     1 |     4 |    13 |     5 ||    24
       Distracted        |       |       |       |     2 |       ||     2
Armor: Animal skin       |     1 |       |       |       |       ||     1
       Robe              |       |       |     2 |       |       ||     2
       Leather armour    |       |       |     7 |     3 |       ||    10
       Chain mail        |       |       |       |    14 |    13 ||    27
Dodge: Dodged            |    10 |     5 |    32 |    60 |    10 ||   117

Table legend: (Time is in decaauts)
 A = Elapsed time spent in this place.
 B = Non-inter-level travel time spent in this place.
 C = Inter-level travel time spent in this place.
 D = Time resting spent in this place.
 E = Time spent auto-exploring this place.
 F = Levels seen in this place.
 G = Mean time per level.
                   A        B        C        D        E       F      G
               +--------+--------+--------+--------+--------+-----+--------+
         Total |   5435 |   5435 |      0 |   4024 |     38 |   1 | 5435.0 |
       Dungeon |   5435 |   5435 |      0 |   4024 |     38 |   1 | 5435.0 |
               +--------+--------+--------+--------+--------+-----+--------+

Top non-repeatable levels by time:
       D: 5435 daAuts
